 Dungeon Crawl Stone Soup version 0.29.1-2-gbd0b4ee654 (webtiles) character file.

Game seed: 2330862099688511140

341 qeuew the Covered (level 6, -5/49 HPs)
             Began as a Barachi Fighter on Nov 8, 2022.
             Slain by an ogre
             ... wielding a +0 giant club
              (20 damage)
             ... on level 4 of the Dungeon.
             The game lasted 00:07:23 (3724 turns).

qeuew the Covered (Barachi Fighter)                 Turns: 3724, Time: 00:07:24

Health: -5/49      AC:  8    Str: 18    XL:     6   Next: 56%
Magic:  9/9        EV: 10    Int: 10    God:
Gold:   223        SH:  4    Dex: 11    Spells: 8/9 levels left

rFire   . . .      SeeInvis .   a - +0 war axe
rCold   . . .      Faith    .   c - +0 buckler
rNeg    . . .      Spirit   .   b - +0 scale mail
rPois   .          Reflect  .   e - +0 helmet
rElec   .          Harm     .   (no cloak)
rCorr   .          Rampage  .   (no gloves)
Will    .....                   (no boots)
Stlth   ..........              (no amulet)
HPRegen 0.16/turn               (no ring)
MPRegen 0.11/turn               (no ring)

@: mighty, slow
A: amphibious, slowness 1, strong legs 1, +LOS
a: Hop


You were on level 4 of the Dungeon.
You visited 1 branch of the dungeon, and saw 4 of its levels.

You collected 223 gold pieces.

Inventory:

Hand Weapons
 a - a +0 war axe (weapon)
Armour
 b - a +0 scale mail (worn)
 c - a +0 buckler (worn)
 e - a +0 helmet (worn)
Jewellery
 i - a ring of ice
Wands
 k - a wand of polymorph (6)
Scrolls
 f - a scroll of identify
 g - a scroll of blinking
 h - a scroll of amnesia
 j - a scroll of enchant armour {unknown}
 m - a scroll of acquirement {unknown}
Potions
 d - a potion of might
 l - a potion of heal wounds {unknown}


   Skills:
 + Level 4.5 Fighting
 + Level 3.5 Axes
 + Level 4.7 Armour
 + Level 2.5 Dodging
 + Level 4.2 Shields
 + Level 2.1 Spellcasting
 + Level 1.9 Poison Magic


You had 8 spell levels left.
You knew the following spells:

 Your Spells              Type           Power      Damage    Failure   Level
a - Sting                 Tmut/Pois      12%        1d3       63%         1

Your spell library contained the following spells:

 Spells                   Type           Power      Damage    Failure   Level
 Poisonous Vapours        Pois/Air       6%         N/A       77%         2
 Ignite Poison            Fire/Tmut/Pois 2%         N/A       95%         3
 Conjure Flame            Conj/Fire      1%         6-21      98%         3
 Ozocubu's Armour         Ice            1%         N/A       98%         3
 Olgreb's Toxic Radiance  Pois           4%         N/A       99%         4
 Sticky Flame             Conj/Fire      1%         2d3       100%        4
 Ozocubu's Refrigeration  Ice            0%         4d7       100%        7


Dungeon Overview and Level Annotations

Branches:
Dungeon (4/15)
 Temple: D:4-7

Altars:
Dithmenos
Kikubaaqudgha
Zin


Innate Abilities, Weirdness & Mutations

You are amphibious.
You cover ground slowly.
You can hop short distances.
You have an extended range of vision and can be seen from far away.


Message History

The necrophage is almost destroyed.
The necrophage hits you but does no damage.
The necrophage barely misses you.
You hit the necrophage.
You destroy the necrophage!
Your life force feels restored.
HP restored.
j - a scroll labelled DIKAZU VESESS You open the door.
Found an ancient bone altar of Kikubaaqudgha.
You open the door.
There is an open door here.
Found a glowing silver altar of Zin.
No target in view!
No target in view!
l - a viscous white potion You pick up an Everburning Encyclopedia and begin reading...
You add the spells Conjure Flame, Ignite Poison and Sticky Flame to your library.
Found a stone staircase leading down.
m - a scroll labelled ICVORI GUQOEG
Found a stone staircase leading down.
An ogre comes into view. It is wielding a +0 giant club.
The ogre shouts!
The ogre moves out of view.
The ogre hits you with a +0 giant club!
You hit the ogre but do no damage.
The ogre hits you with a +0 giant club!!
* * * LOW HITPOINT WARNING * * *
You are too injured to fight recklessly!
You are too injured to fight recklessly!
Welcome back, qeuew the Barachi Fighter.
Press ? for a list of commands and other information.
Okay, then.
The ogre attacks as you move away! The ogre barely misses you.
You feel very mighty all of a sudden. The ogre barely misses you.
You slice the ogre!!
The ogre is severely wounded.
The ogre hits you with a +0 giant club!!
You die...

####.#.#.≈≈≈≈≈≈≈≈≈..........#
#.#.#...........###.######
#..........#........#
############.######## #.# #.#
#.# #.# #@# ##O#######
#####........# #........###.#
#.###..#.# ...........#
###.##........ #.........#
#...#.......


You could see an ogre.

Vanquished Creatures
  Pargi (D:3)
  A necrophage (D:4)
  Ijyb (D:2)
  Natasha (thrice) (D:2)
  2 adders
  A dart slug (D:1)
  2 orcs (D:3)
  2 endoplasms
  6 giant cockroaches
  6 hobgoblins
  4 jackals (D:2)
  2 quokkas (D:1)
  5 ball pythons
  7 bats
  3 frilled lizards (D:3)
  6 goblins
  7 kobolds
  6 rats
65 creatures vanquished.

Notes
Turn   | Place    | Note
-------+----------+-------------------------------------------
     0 | D:1      | qeuew the Barachi Fighter began the quest for the Orb.
     0 | D:1      | Reached XP level 1. HP: 18/18 MP: 1/1
   169 | D:1      | Reached XP level 2. HP: 24/25 MP: 2/2
   517 | D:1      | Reached skill level 1 in Dodging
   633 | D:1      | Reached XP level 3. HP: 30/30 MP: 2/4
   781 | D:2      | Learned a level 1 spell: Sting
   855 | D:2      | Noticed Natasha
   865 | D:2      | Killed Natasha
   866 | D:2      | Reached skill level 1 in Spellcasting
  1035 | D:2      | Noticed Natasha
  1046 | D:2      | Killed Natasha
  1047 | D:2      | Reached XP level 4. HP: 16/37 MP: 5/5
  1373 | D:2      | Noticed Natasha
  1378 | D:2      | Killed Natasha
  1488 | D:2      | Reached skill level 1 in Poison Magic
  1488 | D:2      | Reached XP level 5. HP: 27/42 MP: 7/7
  2178 | D:3      | Found a shadowy altar of Dithmenos.
  2239 | D:3      | Noticed Ijyb
  2304 | D:3      | Noticed Pargi
  2603 | D:2      | Killed Ijyb
  2638 | D:3      | Killed Pargi
  2639 | D:3      | Reached XP level 6. HP: 23/49 MP: 8/8
  3520 | D:4      | Found an ancient bone altar of Kikubaaqudgha.
  3598 | D:4      | Found a glowing silver altar of Zin.
  3724 | D:4      | Slain by an ogre

Illustrated notes

Levels and vault maps discovered:
D:1:      dpeg_arrival_oval, layout_rooms
D:2:      layout_rooms, uniq_natasha
D:3:      minmay_general_purpose_star, layout_loops_ring,
          mainiacjoe_overflow_paths, chequers_mini_garden, uniq_ijyb, uniq_pargi
D:4:      layout_loops_corners, kennysheep_mini_moat,
          mainiacjoe_overflow_brackets, roderic_st_hans_cross

Skill      XL: |  1  2  3  4  5  6 |
---------------+-------------------+-----
Dodging        | 1 2 |  2.5
Armour         | 4 |  4.7
Spellcasting   | 1 2 |  2.1
Fighting       | 4 |  4.5
Poison Magic   | 1 |  1.9
Axes           | 3 |  3.5
Shields        | 4 |  4.2

Action                   |  1- 3 |  4- 6 || total
-------------------------+-------+-------++-------
Melee: War axe           |    92 |   136 ||   228
       Unarmed           |       |    22 ||    22
  Use: Scroll            |     1 |     4 ||     5
       Potion            |       |     2 ||     2
Armor: Scale mail        |    46 |   103 ||   149
       Skin              |       |     1 ||     1
Dodge: Dodged            |    45 |    91 ||   136
Block: Buckler           |    22 |    48 ||    70
